AoeStats
← ASMODEUS7743

Nomad

506674263Analyzed
4v4 RM · 17d ago on Sep 14, 2026· 39m 47s· 8 players
Game mode
Random Map
Map size
231×231
Population
200
Speed
Normal
Resources
Standard
Victory
Conquest
Starting age
Dark Age
Ending age
Imperial Age
RankedLock teamsTeams togetherTeam positionsShared explorationLock speedFull tech treeHidden civsTurbo modeCheats
Victory
Defeat
🇬🇧 Ethiopians · United Kingdom
1318
+13
🇫🇷 Tatars · France
1290
+14
🇨🇳 Malians · China
1282
+14
🇪🇸 Malay · Spain
1237
+16
🇨🇳 Goths · China
1301
-16
🇵🇱 Mongols · Poland
1234
-14
🇵🇱 Japanese · Poland
1229
-14
🇫🇷 Koreans · France
1213
-13
Faufau
10:48 Loom
13:13 Feudal Age
18:38 Castle Age
17:38 Fletching
17:48 Padded Archer Armor
19:42 Bodkin Arrow
20:02 Leather Archer Armor
21:17 Double-Bit Axe
21:50 Husbandry
24:05 Wheelbarrow
24:05 Bloodlines
24:43 Ballistics
25:09 Bow Saw
25:59 Leather Archer Armor
25:34 Horse Collar
28:46 Heavy Plow
29:10 Gold Mining
34:28 Imperial Age
33:49 Hand Cart
33:19 Town Watch
33:37 Stone Mining
34:35 Heavy Cavalry Archer
37:47 Chemistry
38:17 Bracer
38:47 Ring Archer Armor
38:24 Scale Barding Armor
38:30 Forging
37:54 Elite Skirmisher
38:29 Pikeman
39:10 Squires
38:55 Arson
Hidemypond
14:23 Feudal Age
13:38 Loom
15:19 Double-Bit Axe
18:47 Fletching
18:57 Padded Archer Armor
21:50 Castle Age
19:45 Gold Mining
22:48 Medium Warships
24:35 Bow Saw
25:05 Gold Shaft Mining
24:20 Stone Mining
28:38 Horse Collar
29:12 Stone Mining
30:42 Wheelbarrow
29:53 Town Watch
30:31 Heavy Plow
34:41 Imperial Age
33:11 Stone Shaft Mining
33:02 Ballistics
32:40 Murder Holes
33:18 Bodkin Arrow
36:36 Chemistry
35:51 Onager
37:39 Siege Engineers
37:54 Bracer
TheLastOne
3:36 Loom
14:50 Feudal Age
16:03 Double-Bit Axe
18:46 Castle Age
16:31 Horse Collar
18:53 Scale Barding Armor
22:22 Wheelbarrow
28:10 Chain Barding Armor
31:57 Imperial Age
29:16 Town Watch
30:30 Scale Mail Armor
32:18 Fletching
32:43 Chain Mail Armor
32:32 Squires
33:17 Conscription
38:00 Chemistry
37:45 Plate Mail Armor
38:57 Masonry
38:27 Elite Gbeto
39:20 Forging
39:55 Bodkin Arrow
40:39 Iron Casting
ASMODEUS7743
18:08 Feudal Age
16:24 Loom
23:20 Castle Age
21:25 Fishing Lines
28:01 Double-Bit Axe
31:28 Gillnets
33:11 Wheelbarrow
33:59 Wheelbarrow
33:42 Town Watch
33:50 Town Watch
Couille de taupe
9:48 Loom
13:10 Feudal Age
14:58 Double-Bit Axe
15:34 Horse Collar
20:52 Castle Age
20:38 Stone Mining
26:26 Bow Saw
26:18 Heavy Plow
26:56 Stone Shaft Mining
26:15 Gold Mining
27:18 Fletching
28:11 Bodkin Arrow
30:13 Ballistics
30:54 Wheelbarrow
34:17 Eupseong
39:38 Imperial Age
36:58 Town Watch
38:03 Hand Cart
39:53 Heated Shot
12014665
3:43 Loom
13:36 Feudal Age
17:47 Castle Age
16:58 Double-Bit Axe
18:46 Wheelbarrow
18:51 Bow Saw
20:23 Gold Mining
20:22 Horse Collar
22:55 Forging
27:02 Pikeman
28:05 Heavy Plow
28:46 Iron Casting
28:12 Scale Mail Armor
28:40 Stone Mining
35:12 Imperial Age
34:52 Hand Cart
35:01 Squires
36:21 Halberdier
38:45 Chain Mail Armor
1kka
5:31 Loom
14:32 Feudal Age
falf
9:31 Loom
14:18 Feudal Age
15:01 Double-Bit Axe
18:14 Castle Age
23:38 Fletching
23:51 Husbandry
24:02 Bloodlines
23:57 Padded Archer Armor
29:20 Ballistics
32:02 Bodkin Arrow
34:17 Leather Archer Armor
39:48 Imperial Age
40:03 Wheelbarrow
39:14 Town Watch
Connection lost

Rejoining the realm…

Still unreachable

The connection could not be restored.

Session expired

The server has moved on; the page needs a fresh start.